 Dungeon Crawl Stone Soup version 0.16.1-4-g8e1b745 (webtiles) character file.

9517 inmateoo the Destroyer (level 11, -10/64 HPs)
             Began as a Deep Elf Conjurer on Mar 27, 2015.
             Was a Priest of Vehumet.
             Engulfed by a cloud of freezing vapour (20 damage)
             ... in an ice cave.
             The game lasted 00:19:57 (10647 turns).

inmateoo the Destroyer (Deep Elf Conjurer)         Turns: 10647, Time: 00:19:57

Health: -10/64     AC: 10    Str:  7    XL:     11   Next: 24%
Magic:  32/32      EV: 17    Int: 24    God:    Vehumet [***...]
Gold:   693        SH:  0    Dex: 15    Spells: 8 memorised, 6 levels left

rFire  . . .     SeeInvis .     L - staff of energy
rCold  . . .     Clarity  .     x - +3 leather armour {rN+}
rNeg   + + .     SustAb   .     (no shield)
rPois  +         Gourm    .     y - +0 helmet
rElec  +         Spirit   .     k - +0 cloak {rPois}
rCorr  .         Warding  .     (no gloves)
rMut   .         Stasis   .     f - +0 pair of boots
MR     ++...                    q - amulet of regeneration
Stlth  ++++......               o - ring of positive energy
                                n - ring of protection from magic

@: very resistant to hostile enchantments, stealthy
A: icy blue scales 1, electricity resistance, spit poison 1, strong 1
a: Spit Poison, Renounce Religion


You were in an ice cave.
You worshipped Vehumet.
Vehumet was most pleased with you.
You were not hungry.

You visited 3 branches of the dungeon, and saw 13 of its levels.
You also visited: Ice Cave.

You collected 693 gold pieces.

Inventory:

Hand weapons
 m - the +1 flail of Disorder {flame, rElec rF+ MR- Dex+2}
   (You found it on level 7 of the Dungeon)

   It has been specially enchanted to burn those struck by it, causing extra
   injury to most foes and up to half again as much damage against particularly
   susceptible opponents.
   It affects your dexterity (+2).
   It protects you from fire.
   It insulates you from electricity.
   It affects your resistance to hostile enchantments.
 w - a +6 club
Armour
 f - a +0 pair of boots (worn)
 k - a +0 cloak of poison resistance (worn)
 x - a +3 leather armour of positive energy (worn)
 y - a +0 helmet (worn)
Magical staves
 J - an uncursed staff of death
 L - an uncursed staff of energy (weapon)
Jewellery
 n - a ring of protection from magic (left hand)
 o - a ring of positive energy (right hand)
 q - an amulet of regeneration (around neck)
 r - an uncursed amulet of clarity
Magical devices
 g - a wand of lightning (3)
 u - a wand of slowing (8)
 H - a wand of disintegration (10)
 I - a wand of confusion (32)
 M - a wand of slowing (27)
Scrolls
 d - 6 scrolls of identify
 e - a scroll of amnesia
 l - 4 scrolls of blinking
 z - 4 scrolls of fog
 C - a scroll of enchant weapon
 D - 3 scrolls of teleportation
 G - a scroll of magic mapping
Potions
 a - a potion of cancellation
 h - a potion of might
 j - 2 potions of magic
 s - a potion of ambrosia
 v - 3 potions of restore abilities
 A - 4 potions of curing
 E - a potion of agility
 F - 3 potions of flight
Books
 c - a book of Conjurations

   Spells                             Type                      Level
   a - Magic Dart                     Conjuration                  1
   b - Searing Ray                    Conjuration                  2
   c - Dazzling Spray                 Conjuration/Hexes            3
   d - Fulminant Prism                Conjuration/Hexes            4
   e - Iskenderun's Mystic Blast      Conjuration                  4
   f - Iskenderun's Battlesphere      Conjuration/Charms           5
 K - a book of Spatial Translocations

   Spells                             Type                      Level
   a - Apportation                    Translocation                1
   b - Blink                          Translocation                2
   c - Shroud of Golubria             Charms/Translocation         2
   d - Portal Projectile              Translocation                3
   e - Teleport Other                 Translocation                3
   f - Passage of Golubria            Translocation                4
Comestibles
 b - 10 bread rations
 i - 5 meat rations
 p - 2 beef jerkies
 t - 7 fruits
 B - a slice of pizza


   Skills:
 + Level 6.0 Fighting
 + Level 9.1 Dodging
 - Level 9.0 Stealth
 + Level 10.4 Spellcasting
 * Level 11.7 Conjurations


You had 6 spell levels left.
You knew the following spells:

 Your Spells              Type           Power        Failure   Level  Hunger
a - Magic Dart            Conj           ####         1%          1    None
b - Searing Ray           Conj           ######       1%          2    None
c - Dazzling Spray        Conj/Hex       #####...     1%          3    None
d - Iskenderun's Mystic   Conj           ######..     1%          4    None
e - Iskenderun's Battles  Conj/Chrm      #####...     5%          5    None
f - Fulminant Prism       Conj/Hex       #####.....   2%          4    None
g - Blink                 Tloc           N/A          12%         2    None
h - Static Discharge      Conj/Air       #####...     1%          3    None


Dungeon Overview and Level Annotations

Branches:
Dungeon (11/15)            Temple (1/1) D:6            Lair (1/8) D:8
    Orc (0/4) D:11

Altars:
Ashenzari
Cheibriados
Dithmenos
Elyvilon
Fedhas
Gozag
Kikubaaqudgha
Makhleb
Nemelex Xobeh
Okawaru
Qazlal
Ru
Sif Muna
Trog
Vehumet
Xom
Yredelemnul
Zin
The Shining One

Shops:
D:8 %


Innate Abilities, Weirdness & Mutations

You are partially covered in icy blue scales (AC +1).
You are resistant to electric shocks.
You can spit poison.
Your muscles are strong. (Str +2)


Message History

Found 41 gold pieces.
You now have 693 gold pieces (gained 41).
You start waiting.
All of the chunks of flesh in your inventory have rotted away.
Found a plain deck of cards.
You are engulfed in freezing vapours.
You are engulfed in freezing vapours.
Really walk into that cloud of freezing vapour?
Okay, then.
Really walk into that cloud of freezing vapour?
Okay, then.
Unknown command.
Unknown command.
Really walk into that cloud of freezing vapour?
Okay, then.
You are engulfed in freezing vapours.
* * * LOW HITPOINT WARNING * * *
Unknown command.
You are engulfed in freezing vapours.
You die...

##### #### ###.†.##
... ## ##.††...#
#§#§# ##...##..#
###@# ###...##...#
#§§§####...####..##
##§§§##...####...#
##§§§##..# #....#
#§§###..####..∩#
#§§####..##∩..##
##..##....#####
##....#.## ########


There were no monsters in sight!

Vanquished Creatures
  Pikel (D:5)
  Joseph (D:7)
  A spiny frog (Lair:1)
  3 centaur skeletons
  2 two-headed ogres
  A polar bear (IceCv)
  5 yaks (Lair:1)
  A mottled dragon (D:11)
  5 wolves
  Blork the orc (D:5)
  A water moccasin (D:8)
  A porcupine (D:8)
  6 orc warriors
  3 phantoms
  3 black bears
  A necrophage (D:7)
  3 ice beasts
  3 sky beasts
  3 slaves (D:5)
  5 ogres
  4 centaurs
  4 giant frogs
  Sigmund (D:5)
  Duvessa (D:5)
  6 big kobolds (D:4)
  A gnoll sergeant (D:4)
  4 scorpions
  9 killer bees
  8 wights (D:9)
  A crimson imp (D:7)
  2 centaur zombies
  Dowan (D:5)
  3 hounds
  7 orc priests
  A giant frog skeleton (D:11)
  2 hell rats (D:8)
  5 orc wizards
  A gnoll shaman (D:4)
  Natasha (thrice) (D:4)
  7 iguanas
  3 worker ants
  A killer bee zombie (D:6)
  Ijyb (D:2)
  17 gnolls
  11 adders
  4 river rats (D:8)
  3 giant mites
  A worm (D:3)
  A white imp (D:11)
  2 giant geckos
  An ooze (D:2)
  41 orcs
  2 ball pythons
  11 bats
  9 giant cockroaches
  14 goblins
  24 hobgoblins
  19 jackals
  44 kobolds
  4 quokkas
  A giant cockroach zombie (D:6)
  A giant gecko skeleton (D:6)
  A giant gecko zombie (D:5)
  6 giant newts
  A giant spore (D:7)
  A jackal skeleton (D:6)
  A quokka skeleton (D:5)
  13 rats
  2 ballistomycetes (D:7)
361 creatures vanquished.

Vanquished Creatures (others)
  A slave (D:5)
  A fulminant prism (Lair:1)
2 creatures vanquished.

Grand Total: 363 creatures vanquished

Notes
Turn   | Place    | Note
--------------------------------------------------------------
     0 | D:1      | inmateoo, the Deep Elf Conjurer, began the quest for the Orb.
     0 | D:1      | Reached XP level 1. HP: 10/10 MP: 5/5
   344 | D:1      | Reached XP level 2. HP: 13/15 MP: 4/8
   935 | D:2      | Reached XP level 3. HP: 19/19 MP: 5/11
   945 | D:2      | Found a stormy altar of Qazlal.
   978 | D:2      | Reached skill level 5 in Conjurations
  1086 | D:2      | Learned a level 2 spell: Searing Ray
  1091 | D:2      | Learned a level 3 spell: Dazzling Spray
  1366 | D:2      | Noticed Ijyb
  1391 | D:2      | Killed Ijyb
  1391 | D:2      | Reached XP level 4. HP: 5/24 MP: 0/14
  1837 | D:3      | Reached XP level 5. HP: 28/28 MP: 7/18
  2030 | D:3      | Reached skill level 1 in Fighting
  2707 | D:4      | Noticed Natasha
  2713 | D:4      | Killed Natasha
  2766 | D:4      | Learned a level 4 spell: Iskenderun's Mystic Blast
  2780 | D:4      | Reached XP level 6. HP: 34/34 MP: 13/20
  2985 | D:4      | Reached skill level 5 in Spellcasting
  2985 | D:4      | Reached skill level 6 in Conjurations
  3085 | D:4      | Noticed Natasha
  3091 | D:4      | Killed Natasha
  3241 | D:4      | Reached XP level 7. HP: 31/39 MP: 6/22
  3395 | D:4      | Reached skill level 5 in Stealth
  3697 | D:4      | Reached skill level 7 in Conjurations
  3832 | D:4      | Noticed Natasha
  3835 | D:4      | Killed Natasha
  4247 | D:5      | Entered Level 5 of the Dungeon
  4413 | D:5      | Reached skill level 5 in Dodging
  4413 | D:5      | Reached XP level 8. HP: 38/45 MP: 16/25
  4436 | D:5      | Noticed Sigmund
  4443 | D:5      | Killed Sigmund
  4779 | D:5      | Noticed Pikel
  4797 | D:5      | Killed Pikel
  4797 | D:5      | Reached skill level 8 in Conjurations
  4913 | D:5      | Noticed Duvessa
  4913 | D:5      | Noticed Dowan
  4914 | D:5      | Noticed Blork the orc
  4920 | D:5      | Killed Dowan
  4926 | D:5      | HP: 2/46 [Duvessa/rapier (8)]
  4931 | D:5      | Killed Duvessa
  5330 | D:5      | Killed Blork the orc
  5358 | D:6      | Reached XP level 9. HP: 51/51 MP: 23/28
  5499 | D:6      | Noticed a centaur skeleton
  5506 | D:6      | Killed a centaur skeleton
  5541 | D:6      | Reached skill level 9 in Conjurations
  5542 | D:6      | Found a snail-covered altar of Cheibriados.
  5975 | D:6      | Found a staircase to the Ecumenical Temple.
  5987 | Temple   | Entered the Ecumenical Temple
  6357 | D:7      | Gained mutation: You are partially covered in icy blue scales (AC +1). [mutagenic meat]
  6358 | D:7      | Gained mutation: You can spit poison. [mutagenic meat]
  6359 | D:7      | Gained mutation: Your magical capacity is low (-10% MP). [mutagenic meat]
  6400 | D:7      | Got a translucent flail
  6401 | D:7      | Identified the +1 flail of Disorder {flame, rElec rF+ MR- Dex+2} (You found it on level 7 of the Dungeon)
  6415 | D:7      | Identified a scroll of acquirement
  6574 | D:7      | Noticed Joseph
  6602 | D:7      | Killed Joseph
  6733 | D:7      | Found a sparkling altar of Nemelex Xobeh.
  6929 | D:7      | Reached skill level 10 in Conjurations
  6986 | D:7      | Reached XP level 10. HP: 58/58 MP: 15/27
  7097 | D:7      | Found an iron altar of Okawaru.
  7097 | D:7      | Found a radiant altar of Vehumet.
  7111 | D:7      | Found a shimmering altar of Xom.
  7115 | D:7      | Became a worshipper of Vehumet
  7185 | D:8      | Learned a level 5 spell: Iskenderun's Battlesphere
  7356 | D:8      | Found a staircase to the Lair.
  7421 | D:8      | Found Ziave's Food Shop.
  7787 | D:8      | Found a sacrificial altar of Ru.
  8229 | D:8      | Acquired Vehumet's first power
  8229 | D:8      | Offered knowledge of Freeze by Vehumet.
  8518 | D:8      | Reached skill level 5 in Fighting
  8695 | D:9      | Learned a level 4 spell: Fulminant Prism
  8787 | D:9      | Gained mutation: You are resistant to electric shocks. [mutagenic meat]
  8791 | D:9      | Lost mutation: Your magical capacity is low (-10% MP). [mutagenic meat]
  8792 | D:9      | Gained mutation: Your muscles are strong. (Str +2) [mutagenic meat]
  8812 | D:9      | Offered knowledge of Shock by Vehumet.
  9265 | D:10     | Entered Level 10 of the Dungeon
  9309 | D:10     | Reached skill level 11 in Conjurations
  9925 | D:11     | Found a staircase to the Orcish Mines.
 10095 | D:11     | Offered knowledge of Static Discharge by Vehumet.
 10181 | D:11     | Reached skill level 10 in Spellcasting
 10203 | D:11     | Acquired Vehumet's second power
 10203 | D:11     | Reached XP level 11. HP: 61/64 MP: 23/32
 10331 | Lair:1   | Entered Level 1 of the Lair of Beasts
 10359 | Lair:1   | Found a frozen archway.
 10459 | Lair:1   | Learned a level 2 spell: Blink
 10463 | Lair:1   | Learned a level 3 spell: Static Discharge
 10465 | IceCv    | Entered an ice cave
 10647 | IceCv    | Engulfed by a cloud of freezing vapour

Action                   |  1- 3 |  4- 6 |  7- 9 | 10-12 || total
-------------------------+-------+-------+-------+-------++-------
Melee: Unarmed           |    15 |       |       |       ||    15
       Club              |       |    15 |   137 |    61 ||   213
       Staff             |       |       |       |     1 ||     1
 Cast: Magic Dart        |    99 |   122 |   108 |   148 ||   477
       Searing Ray       |     1 |     8 |    36 |    49 ||    94
       Dazzling Spray    |       |     2 |    12 |     7 ||    21
       Iskenderun's Myst |       |       |     9 |    13 ||    22
       Iskenderun's Batt |       |       |       |     3 ||     3
       Fulminant Prism   |       |       |       |     1 ||     1
  Use: Potion            |     1 |       |     5 |       ||     6
       Scroll            |       |       |    16 |     7 ||    23
 Stab: Sleeping          |       |     1 |     2 |     3 ||     6
       Invisible         |       |       |       |     1 ||     1
  Eat: Chunk             |     1 |     6 |    16 |    13 ||    36
       Pizza             |       |       |     1 |       ||     1
       Royal jelly       |       |       |       |     2 ||     2
